 Dungeon Crawl Stone Soup version 0.26-a0-849-gf1512cd430 (webtiles) character file.

Game seed: 63064516090804700

6612 Morbidden the Thaumaturge (level 10, 0/69 HPs)
             Began as a Demonspawn Necromancer on Nov 20, 2020.
             Was a Believer of Hepliaklqana.
             Succumbed to a cane toad's poison
             ... on level 1 of the Lair of Beasts.
             The game lasted 00:18:16 (9934 turns).

Morbidden the Thaumaturge (Demonspawn Necromancer)  Turns: 9934, Time: 00:18:16

Health: 0/69       AC:  7    Str:  9    XL:     10   Next: 71%
Magic:  5/33       EV: 28    Int: 26    God:    Hepliaklqana [**....]
Gold:   482        SH:  0    Dex: 13    Spells: 23/29 levels left

rFire    . . .     SeeInvis .   y - +0 quarterstaff
rCold    . . .     Faith    .   (shield currently unavailable)
rNeg     . . .     Spirit   +   Q - +0 leather armour (curse)
rPois    .         Reflect  .   (no helmet)
rElec    .         Harm     .   (no cloak)
rCorr    .         Rampage  .   h - +0 pair of gloves
MR       .....                  (no boots)
Stlth    ++........             s - amulet of the acrobat
HPRegen  0.21/turn              k - ring of magical power
MPRegen  0.46/turn              A - +6 ring of intelligence

@: lethally poisoned (0 -> -33), acrobat
A: reduced essence, talons 2, molten scales 2, demonic guardian 1, magic shield,
magic regeneration
a: Recall Ancestor, Ancestor Identity, Renounce Religion


You were on level 1 of the Lair of Beasts.
You worshipped Hepliaklqana.
Hepliaklqana was pleased with you.
You visited 3 branches of the dungeon, and saw 11 of its levels.
You also visited: Sewer.

You collected 627 gold pieces.
You spent 145 gold pieces at shops.

Inventory:

Hand Weapons
 y - a +0 quarterstaff (weapon)
 P - a cursed +4 long sword
 S - a +3 scimitar of flaming
Missiles
 f - 63 poisoned darts (quivered)
Armour
 h - a +0 pair of gloves (worn)
 Q - a cursed +0 leather armour (worn)
Magical Staves
 u - an uncursed staff of poison
 H - an uncursed staff of cold
 N - an uncursed staff of air
Jewellery
 k - a ring of magical power (left hand)
 s - an amulet of the acrobat (around neck)
 A - a +6 ring of intelligence (right hand)
 J - an uncursed ring of protection from fire {unknown}
Wands
 D - a wand of paralysis (4)
 I - a wand of enslavement (18)
 O - a wand of polymorph (10)
Scrolls
 a - a scroll of enchant armour {unknown}
 d - 7 scrolls of teleportation
 g - 8 scrolls of remove curse
 j - a scroll of enchant weapon
 m - a scroll of random uselessness {unknown}
 n - 9 scrolls of identify
 o - 2 scrolls of magic mapping {unknown}
 r - 3 scrolls of immolation {unknown}
 t - 3 scrolls of amnesia {unknown}
 x - 2 scrolls of blinking {unknown}
 E - 3 scrolls of noise {unknown}
 F - 2 scrolls of fear {unknown}
 K - 2 scrolls of holy word {unknown}
 L - 3 scrolls of silence {unknown}
 R - 2 scrolls of fog {unknown}
Potions
 b - 2 potions of haste
 c - a potion of flight {unknown}
 e - 8 potions of lignification
 i - a potion of mutation {unknown}
 l - 3 potions of might {unknown}
 p - 3 potions of attraction {unknown}
 q - 3 potions of heal wounds {unknown}
 v - a potion of invisibility {unknown}
 w - 2 potions of brilliance {unknown}
 z - 2 potions of ambrosia {unknown}
 B - 7 potions of curing {unknown}
 C - a potion of magic {unknown}
 G - 2 potions of degeneration {unknown}
 M - 2 potions of resistance {unknown}


   Skills:
 * Level 6.6 Fighting
 + Level 3.7 Staves
 + Level 0.9 Throwing
 + Level 2.2 Armour
 * Level 3.9 Dodging
 + Level 3.0 Stealth
 + Level 0.4 Unarmed Combat
 * Level 10.1 Spellcasting
 + Level 2.4 Summonings
 + Level 8.8 Necromancy


You had 23 spell levels left.
You knew the following spells:

 Your Spells              Type           Power        Failure   Level
a - Pain                  Necr           ####         1%          1
b - Vampiric Draining     Necr           ######....   1%          3
z - Call Imp              Summ           ####....     3%          2

Your spell library contained the following spells:

 Spells                   Type           Power        Failure   Level
 Animate Skeleton         Necr           ######       1%          1
 Animate Dead             Necr           ######....   1%          4
 Agony                    Necr           ######..     4%          5
 Foxfire                  Conj/Fire      ##..         6%          1
 Magic Dart               Conj           ##..         6%          1
 Blink                    Tloc           N/A          10%         2
 Slow                     Hex            ##......     10%         2
 Confusing Touch          Hex            ##......     19%         3
 Conjure Flame            Conj/Fire      ##......     19%         3
 Gell's Gravitas          Tloc           ##........   19%         3
 Inner Flame              Hex/Fire       ##......     19%         3
 Mephitic Cloud           Conj/Pois/Air  ##......     19%         3
 Petrify                  Tmut/Erth      ##......     52%         4
 Sticky Flame             Conj/Fire      ##......     52%         4
 Fireball                 Conj/Fire      ##........   86%         5
 Metabolic Englaciation   Hex/Ice        ##........   86%         5
 Yara's Violent Unravell  Hex/Tmut       ##........   86%         5


Dungeon Overview and Level Annotations

Branches:
Dungeon (9/15)             Temple (1/1) D:7            Lair (1/6) D:9
  Sewer (visited)
    Orc: D:9-12

Altars:
Ashenzari
Cheibriados
Dithmenos
Elyvilon
Fedhas
Gozag
Hepliaklqana
Kikubaaqudgha
Makhleb
Nemelex Xobeh
Okawaru
Qazlal
Ru
Sif Muna
Trog
Uskayaw
Vehumet
Wu Jian
Xom
Yredelemnul
Zin
The Shining One
Jiyva

Shops:
D:4 *

Portals:
Abyss: D:9

Annotations:
D:9 2 transporters, milododd's ghost, journeyman OpVM


Innate Abilities, Weirdness & Mutations

You have razor-sharp toenails.
You are mostly covered in molten scales. (AC +3)
A weak demonic guardian rushes to your aid.
When hurt, damage is shared between your health and your magic reserves.
You regenerate magic rapidly.
Your life essence is reduced to manifest your ancestor. (-10% HP)


Message History

The bolt of electricity hits Èinherjár!
The bolt of electricity hits you! The bolt of electricity misses you.
The cane toad stings you!
* * * LOW HITPOINT WARNING * * *
You are more poisoned.
The cane toad poisons you!
You swap places.
* * * LOW HITPOINT WARNING * * *
You feel very sick.
The cane toad closely misses your shadow imp.
Your shadow imp hits the cane toad.
Unknown command.
* * * LOW HITPOINT WARNING * * *
You feel very sick. The cane toad stings your shadow imp!
Your shadow imp dies! Èinherjár hits the cane toad with a +0 flail!
* * * LOW HITPOINT WARNING * * *
You feel very sick.
The cane toad stings Èinherjár!
You die...

♣♣≈≈≈≈≈≈PPP≈...##.
♣♣♣≈≈≈≈≈P≈≈...##.
##♣♣♣♣†..#≈≈...##.
#.......####..##..
#.........#..####.
#.................
#.......##.######.
##.##..#.#### #..
#.@#####.# #..
##.# #.# ##. #.#
#♣#.# #. #.#.≈♣#.#
... #.R.;≈≈P. (..
##F.≈≈♣P≈ #.
..≈..# #.#### ##


You could see the friendly Èinherjár the knight and a cane toad.

Vanquished Creatures
  Erica (D:8)
  A two-headed ogre (D:9)
  Pikel (D:5)
  A cane toad (Lair:1)
  2 yaks
  5 water moccasins
  2 black bears
  3 orc warriors
  A phantom (D:4)
  A sky beast (D:8)
  An ice beast (D:6)
  4 ogres
  A centaur (D:7)
  5 bullfrogs
  2 scorpions
  2 howler monkeys (D:5)
  A wight (D:7)
  An electric eel (Lair:1)
  A centaur zombie (D:7)
  A quasit (D:7)
  5 hounds
  2 orc priests (D:6)
  6 jellies
  2 centaur skeletons
  2 bullfrog skeletons
  An iguana (D:6)
  4 orc wizards
  9 worker ants
  A hound zombie (D:9)
  2 hound skeletons
  3 gnolls (D:3)
  8 adders
  A howler monkey skeleton (D:8)
  A shadow imp (D:6)
  A white imp (D:8)
  6 ufetubi
  2 oozes
  An adder zombie (D:7)
  An adder skeleton (D:4)
  5 worms
  8 leopard geckos
  29 orcs
  4 ball pythons
  7 bats
  8 giant cockroaches
  6 goblins
  7 hobgoblins
  11 jackals
  6 quokkas
  5 frilled lizards
  10 kobolds
  3 quokka skeletons
  7 rats
211 creatures vanquished.

Vanquished Creatures (collateral kills)
  An ugly thing (D:7)
  A hornet zombie (D:8)
  2 sky beasts
  An ogre (D:9)
  2 bullfrogs (D:9)
  3 wights (D:7)
  A howler monkey (D:4)
  A hound (D:5)
  A jelly (D:9)
  An orc wizard (D:7)
  2 worker ants
  A hound skeleton (D:5)
  An adder (D:5)
  2 shadow imps
  A leopard gecko (D:5)
  2 orcs
  2 jackals
  A butterfly (D:7)
26 creatures vanquished.

Vanquished Creatures (others)
  4 ancestors
  21 fungi (D:9)
  21 plants (D:9)
46 creatures vanquished.

Grand Total: 283 creatures vanquished

Notes
Turn   | Place    | Note
-------+----------+-------------------------------------------
     0 | D:1      | Morbidden the Demonspawn Necromancer began the quest for
                  | the Orb.
     0 | D:1      | Reached XP level 1. HP: 13/13 MP: 3/3
   236 | D:1      | Gained mutation: You are partially covered in molten
                  | scales. (AC +2) [demonic ancestry]
   236 | D:1      | Reached XP level 2. HP: 18/19 MP: 3/5
   673 | D:1      | Reached skill level 5 in Necromancy
  1046 | D:2      | Gained mutation: When hurt, damage is shared between your
                  | health and your magic reserves. [demonic ancestry]
  1046 | D:2      | Reached XP level 3. HP: 24/25 MP: 4/6
  1491 | D:2      | Learned a level 3 spell: Vampiric Draining
  1570 | D:2      | Gained mutation: You regenerate magic rapidly. [demonic
                  | ancestry]
  1570 | D:2      | Reached XP level 4. HP: 29/31 MP: 4/7
  1838 | D:2      | Reached skill level 1 in Fighting
  2354 | D:3      | Found an ancient bone altar of Kikubaaqudgha.
  2404 | D:3      | Reached skill level 3 in Spellcasting
  2404 | D:3      | Gained mutation: A weak demonic guardian rushes to your
                  | aid. [demonic ancestry]
  2404 | D:3      | Reached XP level 5. HP: 22/38 MP: 9/9
  2847 | D:3      | Found a glowing silver altar of Zin.
  3422 | D:3      | Reached skill level 4 in Spellcasting
  3422 | D:3      | Reached XP level 6. HP: 44/44 MP: 12/12
  3882 | D:4      | Found Unusyl's Assorted Antiques.
  3885 | D:4      | Bought an onyx ring for 145 gold pieces
  4006 | D:4      | Reached skill level 5 in Spellcasting
  4006 | D:4      | Gained mutation: You have sharp toenails. [demonic
                  | ancestry]
  4006 | D:4      | Reached XP level 7. HP: 51/51 MP: 14/14
  4095 | D:4      | Found a shadowy altar of Dithmenos.
  4153 | D:4      | Reached skill level 1 in Staves
  4454 | D:5      | Entered Level 5 of the Dungeon
  4554 | D:5      | Found a glowing drain.
  4672 | Sewer    | Entered a sewer
  4893 | D:5      | Reached skill level 6 in Spellcasting
  5003 | D:5      | Found a bloodstained altar of Trog.
  5008 | D:5      | Noticed Pikel
  5012 | D:5      | Gained mutation: You have razor-sharp toenails. [demonic
                  | ancestry]
  5012 | D:5      | Reached XP level 8. HP: 56/58 MP: 17/17
  5035 | D:5      | Killed Pikel
  5036 | D:5      | Reached skill level 7 in Spellcasting
  5737 | D:6      | Found a burning altar of Makhleb.
  6206 | D:6      | Learned a level 2 spell: Call Imp
  6292 | D:7      | Found a staircase to the Ecumenical Temple.
  6318 | D:7      | Gained mutation: You are mostly covered in molten scales.
                  | (AC +3) [demonic ancestry]
  6318 | D:7      | Reached XP level 9. HP: 66/66 MP: 20/20
  6339 | Temple   | Entered the Ecumenical Temple
  6476 | Temple   | Became a worshipper of Hepliaklqana the Forgotten
  6684 | D:7      | Noticed a purple ugly thing
  6693 | D:7      | Killed a purple ugly thing
  6694 | D:7      | Reached skill level 5 in Fighting
  6694 | D:7      | Reached skill level 8 in Spellcasting
  7410 | D:7      | Reached * piety under Hepliaklqana
  7455 | D:7      | Found a snail-covered altar of Cheibriados.
  7846 | D:8      | Reached skill level 1 in Summonings
  7950 | D:8      | Reached skill level 9 in Spellcasting
  8168 | D:8      | Found a viscous altar of Jiyva.
  8557 | D:8      | Noticed Erica
  8570 | D:8      | Killed Erica
  8571 | D:8      | Reached XP level 10. HP: 61/68 MP: 2/23
  8767 | D:9      | Reached skill level 1 in Armour
  9012 | D:9      | Found a staircase to the Lair.
  9042 | D:9      | Reached ** piety under Hepliaklqana
  9043 | D:9      | Remembered your ancestor Èinherjár as a knight
  9088 | D:9      | Found a transporter.
  9104 | D:9      | Identified the +4 great sword "Enkongax" {distort, Str+2}
  9104 | D:9      | Noticed a skeletal warrior
  9111 | D:9      | Found a transporter.
  9111 | D:9      | Noticed a great orb of eyes
  9118 | D:9      | Noticed a toenail golem
  9127 | D:9      | Found a one-way gate to the infinite horrors of the Abyss.
  9127 | D:9      | Noticed milododd's ghost (journeyman OpVM)
  9137 | D:9      | Noticed a wizard
  9154 | D:9      | Noticed a toenail golem
  9341 | D:9      | Found a stormy altar of Qazlal.
  9349 | D:9      | Noticed a two-headed ogre
  9359 | D:9      | Killed a two-headed ogre
  9477 | D:9      | Reached skill level 10 in Spellcasting
  9754 | Lair:1   | Entered Level 1 of the Lair of Beasts
  9861 | Lair:1   | Noticed a cane toad
  9870 | Lair:1   | Killed a cane toad
  9923 | Lair:1   | Noticed a cane toad
  9933 | Lair:1   | HP: 2/69 [poisoned by a cane toad]
  9934 | Lair:1   | Succumbed to a cane toad's poison

Illustrated notes

Levels and vault maps discovered:
D:1:      kennysheep_arrival_seaside, layout_basic, serial_glass,
          glass_columns_a, glass_columns_c, glass_columns_a, glass_columns_b,
          glass_columns_b, glass_columns_a, glass_columns_b, glass_columns_b,
          due_unseen_surprise, feat_on_display, feat_on_display,
          lemuel_another_geyser
D:2:      layout_basic
D:3:      layout_loops_ring, zin_statuary, nicolae_overflow_hidden_temple,
          minmay_misc_feat_plants
D:4:      layout_rooms, grunt_dithmenos_smoke, serial_shops, kennysheep_mini
D:5:      layout_rooms, gup_sewer_entry_pipe, trog_three_pillars_becter,
          uniq_pikel
D:6:      layout_rooms, overflow_temple_1_default
D:7:      minmay_cornered_nines, layout_cave_pods, kennysheep_mini_moat,
          minmay_temple_entry_butterflies
D:8:      layout_loops_cross, jiyva_altar_1, uniq_erica
D:9:      layout_irregular_city, nicolae_qazlal_eye_of_the_storm,
          due_lair_maze_entry_diamond, gammafunk_ghost_abyssal_escape,
          minmay_fountain_box
Temple:   regret_index_temple_sphere_string
Lair:1:   layout_small_grid, serial_bayou, serial_bayou_lagoon_a,
          serial_bayou_shore_a, serial_bayou_pond_d, serial_bayou_pond_b,
          serial_bayou_ford_a, uniq_urug

Skill      XL: |  1  2  3  4  5  6  7  8  9 10 |
---------------+-------------------------------+-----
Necromancy     | 5 6 7 8 |  8.8
Fighting       | 1 2 3 4 5 6 |  6.6
Spellcasting   | 3 4 5 6 7 9 10 | 10.1
Dodging        | 2 3 |  3.9
Stealth        | 2 3 |  3.0
Staves         | 1 2 3 |  3.7
Summonings     | 2 |  2.4
Armour         | 2 |  2.2
Throwing       | |  0.9
Unarmed Combat | |  0.4

Action                   |  1- 3 |  4- 6 |  7- 9 | 10-12 || total
-------------------------+-------+-------+-------+-------++-------
Melee: Unarmed           |     5 |    28 |       |       ||    33
       Quarterstaff      |       |    57 |   263 |    37 ||   357
       Kick              |       |       |    44 |    13 ||    57
Throw: Dart              |    36 |    11 |     1 |       ||    48
 Cast: Pain              |    42 |    90 |    55 |    12 ||   199
       Vampiric Draining |       |    21 |    75 |    35 ||   131
       Call Imp          |       |       |    17 |     2 ||    19
Invok: Recall Ancestor   |       |       |     2 |       ||     2
       Ancestor Identity |       |       |     1 |       ||     1
       Ancestor Life: Kn |       |       |       |     1 ||     1
  Use: Potion            |     2 |       |       |       ||     2
       Scroll            |       |     5 |       |       ||     5
 Stab: Sleeping          |     1 |       |     2 |     1 ||     4
       Distracted        |       |     1 |       |     2 ||     3
Armor: Robe              |    10 |    25 |    90 |       ||   125
       Leather armour    |       |       |     8 |    21 ||    29
Dodge: Dodged            |    11 |    98 |   275 |    61 ||   445

Table legend: (Time is in decaauts)
 A = Elapsed time spent in this place.
 B = Non-inter-level travel time spent in this place.
 C = Inter-level travel time spent in this place.
 D = Time resting spent in this place.
 E = Time spent auto-exploring this place.
 F = Levels seen in this place.
 G = Mean time per level.
                   A        B        C        D        E       F      G
               +--------+--------+--------+--------+--------+-----+--------+
         Total |  10009 |   9648 |    361 |    106 |   7766 |  12 |  834.1 |
       Dungeon |   9491 |   9139 |    352 |    106 |   7384 |   9 | 1054.6 |
        Temple |    150 |    141 |      9 |      0 |    126 |   1 |  150.0 |
          Lair |    182 |    182 |      0 |      0 |    141 |   1 |  182.0 |
         Sewer |    185 |    185 |      0 |      0 |    114 |   1 |  185.0 |
               +--------+--------+--------+--------+--------+-----+--------+

Top non-repeatable levels by time:
     D:7: 1421 daAuts
     D:3: 1344 daAuts
     D:2: 1207 daAuts
     D:8: 1059 daAuts
     D:1: 1014 daAuts
     D:5: 939 daAuts
     D:9: 922 daAuts
     D:4: 888 daAuts
     D:6: 693 daAuts
   Sewer: 185 daAuts
  Lair:1: 182 daAuts
  Temple: 150 daAuts
